 Dungeon Crawl Stone Soup version 0.31-a0-743-g45f7035092 (webtiles) character file.

Game seed: 5914069321250553866

97 Xavori the Cutter (level 4, -1/24 HPs)
             Began as a Vine Stalker Chaos Knight on Sept 13, 2023.
             Was a Plaything of Xom.
             Killed by divine providence
             ... invoked by an orc priest
              (6 damage)
             ... on level 3 of the Dungeon.
             The game lasted 00:01:47 (4179 turns).

Xavori the Cutter (Vine Stalker Chaos Knight)       Turns: 4179, Time: 00:01:48

Health: -1/24      AC: 10    Str: 21    XL:     4   Next: 68%
Magic:  0/7        EV: 11    Int: 14    God:    Xom [..*...]
Gold:   87         SH:  0    Dex: 11    Spells: 6/6 levels left

rFire   . . .        a - +0 short sword (chaos)
rCold   . . .        (no shield)
rNeg    . . .        b - +2 leather armour
rPois   .            (no helmet)
rElec   .            (no cloak)
rCorr   .            (no gloves)
SInv    .            (no boots)
Will    .....        (no amulet)
Stlth   +            (no ring)
HPRegen 1.04/turn    (no ring)
MPRegen 0.10/turn

%: guardian spirit
@: no status effects
A: fangs 2, regeneration 1, magic shield, antimagic bite, no potion heal 2,
iridescent scales 2, clever 1, clumsy 1, shaggy fur 1, strong 2, wild magic 1,
noise suppression
a: Renounce Religion


You were on level 3 of the Dungeon.
You worshipped Xom.
You were a toy of Xom.
You visited 1 branch of the dungeon, and saw 3 of its levels.

You collected 87 gold pieces.

Inventory:

Hand Weapons
 a - a +0 short sword of chaos (weapon)
Armour
 b - a +2 leather armour (worn)
Scrolls
 c - a scroll of butterflies
 d - 3 scrolls of identify {unknown}
 e - a scroll of blinking {unknown}
 f - a scroll of noise {unknown}
 g - 3 scrolls of teleportation {unknown}
 i - a scroll of fear {unknown}
Potions
 h - a potion of heal wounds {unknown}
 j - 3 potions of curing {unknown}
 k - a potion of haste {unknown}


   Skills:
 + Level 3.1 Fighting
 + Level 3.6 Short Blades
 + Level 2.0 Armour
 + Level 1.1 Dodging
 + Level 0.8 Stealth
 * Level 1.7 Spellcasting


You had 6 spell levels left.
You didn't know any spells.
Your spell library was empty.

Dungeon Overview and Level Annotations

Branches:
Dungeon (3/15)

Altars:
Nemelex Xobeh


Innate Abilities, Weirdness & Mutations

You have extremely sharp teeth.
Your natural rate of healing is unusually fast.
When hurt, damage is shared between your health and your magic reserves.
Your bite disrupts and absorbs the magic of your enemies.
Potions cannot restore your health.
You are mostly covered in iridescent scales. (AC +4)
Your mind is acute. (Int +4, Str/Dex -1)
You are clumsy. (Dex -2)
You are covered in fur. (AC +1)
Your muscles are very strong. (Str +8, Int/Dex -2)
Your spells are a little harder to cast, but a little more powerful.
You passively dampen the noise of your surroundings.


Message History

Orders for allies: a - Attack new target. r - Retreat! s - Stop attacking. g - Guard the area. f - Follow me.
Anything else - Cancel.
You shout for attention!
You start waiting.
An orc is nearby!
You hit the orc. You drain the orc. Your bite misses the orc.
The orc is almost dead.
The orc hits you but does no damage.
You closely miss the orc. You bite the orc.
You kill the orc!
No target in view!
Things that are here:
a +0 club; a +0 trident The orc priest looks encouraged for a moment.
The orc shouts!
The orc misses you.
The orc priest calls down the wrath of Beogh upon you.
Beogh smites you!
You hit the orc priest.
The orc priest suddenly seems more resistant.
Xom thinks this is hilarious!
Your bite misses the orc priest.
The orc priest is moderately wounded.
The orc priest calls down the wrath of Beogh upon you.
Beogh smites you!
The orc priest looks encouraged for a moment.
The orc hits you with a +0 club.
You barely miss the orc priest. You bite the orc priest. You drain its power.
You feel invigorated.
The orc priest is severely wounded.
The orc barely misses you.
The orc priest mumbles some strange prayers to Beogh against you.
Pain shoots through your body!
* * * LOW HITPOINT WARNING * * *
The orc priest invokes the aid of Beogh against you.
Beogh smites you!
You die...
Xom cackles wildly!

♣...#.##.### #.# ......
..#### #.# #..###!...####.#
#..)..........#########
#..#.......#...........
#..#.......#..#########
#..#.......#..# #
#..#.......#..### ##
#######..#..@o...#....######.
.........#.ooo...#.........##
#######>.#.......#.##.####.##
#..##.....##.##.# #.#
#####).###$⌠$###.##.# #.#
.........#######..##.# #.##
########.........###.# #...
#####.##### #.# #.## #.# #.#
#.#


You could see 2 orc priests and 2 orcs.

Vanquished Creatures
  An orc priest (D:3)
  An adder (D:3)
  A worm (D:2)
  3 orcs (D:3)
  3 bats
  3 endoplasms
  3 giant cockroaches
  4 goblins
  8 hobgoblins
  4 jackals (D:2)
  3 quokkas
  3 ball pythons
  4 frilled lizards
  A kobold (D:1)
  3 rats
45 creatures vanquished.

Notes
Turn   | Place    | Note
-------+----------+-------------------------------------------
     0 | D:1      | Xavori the Vine Stalker Chaos Knight began the quest for
                  | the Orb.
     0 | D:1      | Reached XP level 1. HP: 11/11 MP: 2/2
   240 | D:1      | Reached XP level 2. HP: 16/16 MP: 3/3
   384 | D:1      | Found a faded altar of an unknown god.
   853 | D:1      | XOM: divination: magic mapping
   868 | D:2      | Identified the +0 mace of Winter {flame, rPois Str+4}
   908 | D:2      | XOM: cloud trail
   958 | D:1      | XOM: give mutations
   958 | D:1      | Gained mutation: You have supernaturally acute eyesight.
                  | (SInv) [Xom's grace]
   958 | D:1      | Gained mutation: Your muscles are strong. (Str +4, Int/Dex
                  | -1) [Xom's grace]
   958 | D:1      | Gained mutation: You are partially covered in iridescent
                  | scales. (AC +2) [Xom's grace]
  1292 | D:1      | XOM: noise
  1722 | D:1      | XOM: god gift: scroll labelled NUGUMMULIDI {god gift}
  2125 | D:1      | XOM: give mutations
  2125 | D:1      | Gained mutation: You are clumsy. (Dex -2) [Xom's mischief]
  2125 | D:1      | Gained mutation: You are mostly covered in iridescent
                  | scales. (AC +4) [Xom's mischief]
  2125 | D:1      | Gained mutation: You are covered in fur. (AC +1) [Xom's
                  | mischief]
  2320 | D:1      | XOM: torment (10/16 hp)
  2389 | D:1      | XOM: give mutation
  2389 | D:1      | Lost mutation: You have supernaturally acute eyesight.
                  | (SInv) [Xom's mischief]
  2832 | D:1      | XOM: cloud trail
  3137 | D:1      | XOM: 2-stop teleportation journey
  3197 | D:2      | Reached XP level 3. HP: 19/19 MP: 5/5
  3245 | D:2      | Reached skill level 1 in Spellcasting
  3447 | D:2      | Found a sparkling altar of Nemelex Xobeh.
  3561 | D:2      | XOM: god gift: 46 gold pieces
  3792 | D:3      | XOM: give mutations
  3792 | D:3      | Gained mutation: Your mind is acute. (Int +4, Str/Dex -1)
                  | [Xom's grace]
  3792 | D:3      | Gained mutation: You passively dampen the noise of your
                  | surroundings. [Xom's grace]
  3794 | D:3      | XOM: give mutations
  3794 | D:3      | Gained mutation: Your spells are a little harder to cast,
                  | but a little more powerful. [Xom's grace]
  3794 | D:3      | Gained mutation: Your muscles are very strong. (Str +8,
                  | Int/Dex -2) [Xom's grace]
  4136 | D:3      | Reached skill level 1 in Dodging
  4136 | D:3      | Reached XP level 4. HP: 24/24 MP: 7/7
  4179 | D:3      | Killed from afar by an orc priest

Illustrated notes

Levels and vault maps discovered:
D:1:      dpeg_arrival_central, layout_loops_ring,
          shapermc_ecumenical_altar_flowoftime, hangedman_decor_slide_cut
D:2:      layout_loops_cross, basic_altar
D:3:      cheibrodos_pilgrimage, layout_loops_ring,
          mainiacjoe_overflow_small_starburst

Skill      XL: |  1  2  3  4 |
---------------+-------------+-----
Short Blades   | 3 |  3.6
Fighting       | 3 |  3.1
Spellcasting   | 1 |  1.7
Dodging        | 1 |  1.1
Armour         | 2 |  2.0
Stealth        | |  0.8

Action                     |  1- 3 |  4- 6 || total
---------------------------+-------+-------++-------
  Melee: Short sword       |   167 |     9 ||   176
         Bite              |    31 |     5 ||    36
    Use: Scroll            |     1 |       ||     1
   Stab: Sleeping          |     1 |       ||     1
 Armour: Leather armour    |    62 |     2 ||    64
  Dodge: Dodged            |    97 |     5 ||   102

Table legend: (Time is in decaauts)
 A = Elapsed time spent in this place.
 B = Non-inter-level travel time spent in this place.
 C = Inter-level travel time spent in this place.
 D = Time resting spent in this place.
 E = Time spent auto-exploring this place.
 F = Levels seen in this place.
 G = Mean time per level.
                   A        B        C        D        E       F      G
               +--------+--------+--------+--------+--------+-----+--------+
         Total |   4150 |   3975 |    175 |   2091 |   1576 |   3 | 1383.3 |
       Dungeon |   4150 |   3975 |    175 |   2091 |   1576 |   3 | 1383.3 |
               +--------+--------+--------+--------+--------+-----+--------+

Top non-repeatable levels by time:
     D:1: 3094 daAuts
     D:2: 665 daAuts
     D:3: 390 daAuts
